 Dungeon Crawl Stone Soup version 0.30-a0-1043-g60ff8d5f49 (webtiles) character file.

Game seed: 9925965199435316963

56 Esekla the Sneak (level 3, -1/26 HPs)
             Began as an Octopode Delver on Apr 9, 2023.
             Slain by a centaur (4 damage)
             ... on level 5 of the Dungeon.
             The game lasted 00:02:48 (256 turns).

Esekla the Sneak (Octopode Delver)                   Turns: 256, Time: 00:02:48

Health: -1/26      AC:  1    Str: 11    XL:     3   Next: 97%
Magic:  4/4        EV: 13    Int: 14    God:
Gold:   9          SH:  0    Dex: 13    Spells: 3/3 levels left

rFire   . . .      SeeInvis .    a - +0 falchion
rCold   . . .      Faith    .    (no shield)
rNeg    . . .      Spirit   .    (helmet restricted)
rPois   .          Reflect  .    (no amulet)
rElec   .          Rampage  .    (no ring)
rCorr   .                        (no ring)
Will    .....                    (no ring)
Stlth   +++++                    (no ring)
HPRegen 0.24/turn                (no ring)
MPRegen 0.09/turn                (no ring)
                                 (no ring)
                                 (no ring)

@: hasted, very quick
A: almost no armour, amphibious, 8 rings, camouflage 1, gelatinous body 1,
(nimble swimmer 1), tentacles
a: no special abilities


You were on level 5 of the Dungeon.
You visited 1 branch of the dungeon, and saw 1 of its levels.

You collected 9 gold pieces.

Inventory:

Hand Weapons
 a - a +0 falchion (weapon)
Missiles
 h - 3 poisoned darts (quivered)
Wands
 f - a wand of digging (3)
Scrolls
 b - a scroll of fog
 g - 2 scrolls of identify {unknown}
Potions
 c - a potion of resistance {unknown}


   Skills:
 * Level 3.3 Fighting
 * Level 2.3 Long Blades
 + Level 0.1 Throwing
 * Level 2.3 Dodging
 + Level 7.5 Stealth
 * Level 0.8 Spellcasting


You had 3 spell levels left.
You didn't know any spells.
Your spell library was empty.

Dungeon Overview and Level Annotations

Branches:
Dungeon (5/15)             Temple (0/1) D:5

Altars:

Annotations:
D:5 Dowan, Duvessa


Innate Abilities, Weirdness & Mutations

You cannot wear most types of armour.
You are amphibious.
You can wear up to eight rings at the same time.
Your skin changes colour to match your surroundings (Stealth+).
Your rubbery body absorbs attacks. (AC +1, EV +1)
((You are camouflaged when in or above water. (Stealth+)))
You have tentacles for arms and can constrict up to eight enemies at once.


Message History

The quokka closely misses you.
You slash the quokka!
You kill the quokka!
You now have 9 gold pieces.
Found a masterwork flail.
Duvessa and Dowan come into view.
Duvessa is wielding a +2 short sword of flaming.
There is a stone staircase leading up here.
Found a mace.
Okay, then.
You closely miss the centaur.
The centaur shouts!
You squeeze the centaur.
The centaur is lightly wounded.
The centaur barely misses you. The centaur kicks you.
You feel yourself speed up. The centaur hits you.
The centaur barely misses you. x2; The centaur kicks you.
You barely miss the centaur. You squeeze the centaur.
The centaur is lightly wounded.
The centaur closely misses you. The centaur barely misses you.
You hit the centaur. You squeeze the centaur.
The centaur is moderately wounded.
The centaur hits you.
The centaur kicks you but does no damage.
You hit the centaur.
The centaur is moderately wounded.
The centaur barely misses you. The centaur kicks you.
You hit the centaur.
The centaur is heavily wounded.
The centaur closely misses you. The centaur kicks you. The centaur hits you.
* * * LOW HITPOINT WARNING * * *
The centaur kicks you.
* * * LOW HITPOINT WARNING * * *
You hit the centaur.
The centaur is heavily wounded.
The centaur barely misses you. The centaur misses you.
You hit the centaur.
The centaur is severely wounded.
The centaur hits you.
You die...

,* #.# # ,* ###.# # ,* #...#
##### ,* #...# #...# ,* #...#
#.#.# ,* #...# #.#.# ,*
###.#######.#.#
.####################...........#
.#..............@c...............
.#.############################.#
.#.# *,,,*,,,*,,,* #.# .#.#
*,⌠,*,>,,,⌠,* #.# .#.#
*,,,*,,,*,,,* #.# .#.#
**,***,*###** #.# ...####
*,,,*,..#...#####.# ......#
*,⌠,,,K...⌠....##.# ....<.####
*,,,*,.K#...##....#


You could see a centaur.

Vanquished Creatures
  A scorpion (D:5)
  A quokka (D:5)
2 creatures vanquished.

Notes
Turn   | Place    | Note
-------+----------+-------------------------------------------
     0 | D:5      | Esekla the Octopode Delver began the quest for the Orb.
     0 | D:5      | Reached XP level 1. HP: 16/16 MP: 1/1
    43 | D:5      | Noticed an ogre
    69 | D:5      | Noticed a kobold brigand
    70 | D:5      | Noticed a centaur
   110 | D:5      | Noticed a scorpion
   123 | D:5      | Killed a scorpion
   124 | D:5      | Reached skill level 7 in Stealth
   124 | D:5      | Reached XP level 2. HP: 4/21 MP: 1/3
   124 | D:5      | Reached XP level 3. HP: 5/26 MP: 1/4
   219 | D:5      | Noticed Duvessa
   219 | D:5      | Noticed Dowan
   256 | D:5      | Slain by a centaur

Illustrated notes

Levels and vault maps discovered:
D:5:      layout_basic, minmay_temple_entry_nine_rooms, uniq_duvessa

Skill      XL: |  1 |
---------------+----+-----
Stealth        | 7 |  7.5
Fighting       | |  3.3
Long Blades    | |  2.3
Throwing       | |  0.1
Dodging        | |  2.3
Spellcasting   | |  0.8

Action                     || total
---------------------------++-------
  Melee: Falchion          ||    14
         Tentacles         ||     5
         Constrict         ||     2
  Throw: Dart              ||     2
    Use: Scroll            ||     2
         Potion            ||     1
 Armour: Skin              ||     2
  Dodge: Dodged            ||    15

Table legend: (Time is in decaauts)
 A = Elapsed time spent in this place.
 B = Non-inter-level travel time spent in this place.
 C = Inter-level travel time spent in this place.
 D = Time resting spent in this place.
 E = Time spent auto-exploring this place.
 F = Levels seen in this place.
 G = Mean time per level.
                   A        B        C        D        E       F      G
               +--------+--------+--------+--------+--------+-----+--------+
         Total |    256 |    256 |      0 |     37 |      0 |   1 |  256.0 |
       Dungeon |    256 |    256 |      0 |     37 |      0 |   1 |  256.0 |
               +--------+--------+--------+--------+--------+-----+--------+

Top non-repeatable levels by time:
     D:5: 256 daAuts
